 Dungeon Crawl Stone Soup version 0.21-a0-2-ge494091 (webtiles) character file.

113 Chiseanne the Slasher (level 4, -9/38 HPs)
             Began as a Barachi Monk on May 22, 2017.
             Mangled by an orc warrior
             ... wielding a cursed +0 dire flail
              (21 damage)
             ... on level 3 of the Dungeon.
             The game lasted 00:05:32 (2353 turns).

Chiseanne the Slasher (Barachi Monk)                Turns: 2353, Time: 00:05:33

Health: -9/38      AC:  6    Str: 13    XL:     4   Next: 96%
Magic:  0/4        EV: 12    Int: 10    God:
Gold:   101        SH:  0    Dex: 15    Spells: 3/3 levels left

rFire    . . .     SeeInvis .   a - +0 falchion
rCold    . . .     Gourm    .   (no shield)
rNeg     . . .     Faith    .   k - +0 ring mail
rPois    .         Spirit   +   (no helmet)
rElec    .         Reflect  .   (no cloak)
rCorr    .         Harm     .   (no gloves)
MR       .....                  o - +0 pair of boots
Stlth    ..........             g - amulet of guardian spirit
Regen    0.2/turn               (no ring)
MPRegen  0.1/turn               (no ring)

@: confused, can't hop, slow
A: +LOS, swims, slowness 1, strong legs 1
a: Hop


You were on level 3 of the Dungeon.
You were not hungry.

You visited 1 branch of the dungeon, and saw 4 of its levels.

You collected 101 gold pieces.

Inventory:

Hand Weapons
 a - a +0 falchion (weapon)
Missiles
 f - 100 sling bullets
 h - 69 stones (quivered)
 l - 14 bolts
 s - 14 poisoned needles
Armour
 k - a +0 ring mail (worn)
 o - a +0 pair of boots (worn)
Jewellery
 g - an amulet of guardian spirit (around neck)
Wands
 m - a wand of polymorph (9/24)
Scrolls
 d - a scroll of fear
 p - a scroll of amnesia
 r - 2 scrolls of blinking
 t - a scroll of magic mapping {unknown}
 u - 2 scrolls of random uselessness {unknown}
 v - a scroll of fog {unknown}
Potions
 e - a potion of agility {unknown}
 i - a potion of degeneration {unknown}
 j - 2 potions of curing {unknown}
 n - a potion of flight {unknown}
Comestibles
 b - a meat ration
 c - a bread ration
 q - a royal jelly


   Skills:
 * Level 4.5 Fighting
 * Level 4.6 Long Blades
 * Level 1.7 Armour
 * Level 4.2 Dodging
 - Level 1.7 Stealth
 * Level 0.0 Spellcasting


You had 3 spell levels left.
You didn't know any spells.

Dungeon Overview and Level Annotations

Branches:
Dungeon (4/15)
 Temple: D:4-7

Altars:
Qazlal

Annotations:
D:3 2 transporters


Innate Abilities, Weirdness & Mutations

Shadows flee at your approach. (+LOS)
You can swim through water.
You cover ground slowly.
You can hop short distances.


Message History

The orc warrior resists with some effort.
Evoking this partially-identified wand wasted a few charges.
Evoke which item? (* to show all) (? for menu, Esc to quit)
Aiming: Polymorph (will waste charges)
Press: ? - help, Shift-Dir - straight line, f/p - orc warrior
Aim: an orc warrior, wielding a dire flail and wearing a plate armour (chance to defeat MR: 46%)
The orc warrior resists with some effort.
Evoking this partially-identified wand wasted a few charges.
Evoke which item? (* to show all) (? for menu, Esc to quit)
Aiming: Polymorph (will waste charges)
Press: ? - help, Shift-Dir - straight line, f/p - orc warrior
Aim: an orc warrior, wielding a dire flail and wearing a plate armour (chance to defeat MR: 46%)
The orc warrior resists with some effort.
Evoking this partially-identified wand wasted a few charges.
You are confused.
You hit the orc warrior but do no damage.
The orc hits you with a dagger.
The orc warrior hits you with a dire flail!!
Ouch! That really hurt!
You die...

#...........[.........##.#
#....................###.#
#...................## #.#
#.........##..####### #.#
#.........###......#####.#
##........# ######.....#.#
####.....o.# #########....
#........o.# #..).^......#
#........o@## #.....####...
#...........###.........#.#
#.........#......[........#
######.##.#...............#
#....####............#
##..## #.............
######..#####.##......)..#
#..........##..#.........#
#..............#.........#


You could see an orc warrior and 2 orcs.

Vanquished Creatures
  4 adders
  An ooze (D:2)
  A dart slug (D:1)
  3 leopard geckos
  2 ball pythons (D:3)
  6 bats
  8 giant cockroaches
  12 goblins
  3 hobgoblins
  3 jackals (D:2)
  A quokka (D:3)
  3 frilled lizards
  9 kobolds
  10 rats
66 creatures vanquished.

Notes
Turn   | Place    | Note
-------+----------+-------------------------------------------
     0 | D:1      | Chiseanne the Barachi Monk began the quest for the Orb.
     0 | D:1      | Reached XP level 1. HP: 18/18 MP: 1/1
   215 | D:1      | Reached XP level 2. HP: 20/25 MP: 2/2
   775 | D:1      | Reached XP level 3. HP: 30/30 MP: 3/3
  1204 | D:2      | Reached skill level 1 in Armour
  1228 | D:2      | Reached XP level 4. HP: 33/37 MP: 4/4
  2052 | D:3      | Noticed an ogre
  2054 | D:3      | Noticed a centaur
  2054 | D:3      | Noticed a hippogriff
  2055 | D:3      | Noticed a hippogriff
  2059 | D:3      | Found a stormy altar of Qazlal.
  2333 | D:4      | Noticed an orc warrior
  2353 | D:3      | Mangled by an orc warrior

Vault maps used:
D:1:      mushboom_english_gardens
D:2:      hangedman_decor_opposing, minmay_misc_feat_columns
D:3:      gammafunk_temple_overflow_arena
D:4:      chequers_temple_overflow_statue_of_worship

Skill      XL: |  1  2  3  4 |
---------------+-------------+-----
Long Blades    | 4 |  4.6
Fighting       | 4 |  4.5
Armour         | 1 |  1.7
Dodging        | 4 |  4.2
Stealth        | |  1.7

Action                   |  1- 3 |  4- 6 || total
-------------------------+-------+-------++-------
Melee: Falchion          |   128 |    85 ||   213
 Abil: Hop               |       |     1 ||     1
Evoke: Wand              |       |     3 ||     3
  Use: Potion            |     1 |       ||     1
       Scroll            |       |     5 ||     5
 Stab: Sleeping          |     4 |       ||     4
  Eat: Chunk             |     2 |     4 ||     6
Armor: Robe              |     7 |       ||     7
       Ring mail         |    41 |    44 ||    85
Dodge: Dodged            |   100 |    67 ||   167
       Rpst.: Falchion   |    26 |    18 ||    44
